 Dungeon Crawl Stone Soup version 0.17.0-28-g6e173f8 (webtiles) character file.

1866 lucasterio the Digger (level 9, 0/45 HPs)
             Began as a Gargoyle Earth Elementalist on Nov 29, 2015.
             Was an Initiate of Sif Muna.
             Killed by nerve-wracking pain
             ... invoked by an orc priest
              (3 damage)
             ... on level 7 of the Dungeon.
             The game lasted 00:40:04 (7689 turns).

lucasterio the Digger (Gargoyle Earth Elementalist) Turns: 7689, Time: 00:40:04

Health: 0/45       AC:  8    Str: 12    XL:     9   Next: 13%
Magic:  1/16       EV: 12    Int: 19    God:    Sif Muna [......]
Gold:   375        SH:  0    Dex: 10    Spells: 6 memorised, 1 level left

rFire  . . .     SeeInvis .     H - +1 dagger (flame)
rCold  . . .     Clarity  .     a - +0 robe
rNeg   + + .     SustAt   .     (no shield)
rPois  ∞         Gourm    .     F - +0 hat
rElec  +         Spirit   .     I - +0 cloak
rCorr  +         Warding  .     (no gloves)
rMut   .         Rnd*Tele +     (no boots)
MR     .....                    u - amulet of resist corrosion
Stlth  ++........               k - ring of positive energy
                                M - ring of teleportation

@: about to teleport, very slightly contaminated, not resistant to hostile
enchantments, unstealthy
A: negative energy resistance 1, electricity resistance, unbreathing,
petrification resistance, rot immunity, AC +5
a: Renounce Religion, Evoke Teleportation


You were on level 7 of the Dungeon.
You worshipped Sif Muna.
Sif Muna was noncommittal.
You were very hungry.

You visited 2 branches of the dungeon, and saw 8 of its levels.

You collected 375 gold pieces.

Inventory:

Hand Weapons
 j - a +0 dagger
 C - a -2 flail
 D - a +0 dagger of holy wrath
 H - a +1 dagger of flaming (weapon)
Missiles
 b - 154 stones (quivered)
Armour
 a - a +0 robe (worn)
 F - a +0 hat (worn)
 I - a +0 cloak (worn)
Jewellery
 k - a ring of positive energy (right hand)
 u - an amulet of resist corrosion (around neck)
 A - an uncursed ring of ice
 M - a ring of teleportation (left hand)
Wands
 G - a wand of frost (21)
 P - a wand of magic darts (30)
Scrolls
 h - 7 scrolls of identify
 m - 3 scrolls of magic mapping
 o - 5 scrolls of teleportation {unknown}
 p - 2 scrolls of fog {unknown}
 v - 2 scrolls of remove curse
 w - a scroll of fear {unknown}
 x - 3 scrolls of blinking {unknown}
 E - a scroll of noise {unknown}
 J - 4 scrolls of recharging {unknown}
 K - 2 scrolls of enchant armour {unknown}
 L - 5 scrolls of enchant weapon {unknown}
 N - 2 scrolls of immolation {unknown}
 S - 3 scrolls of amnesia {unknown}
Potions
 e - 3 potions of brilliance
 i - 2 potions of cure mutation {unknown}
 l - a potion of agility {unknown}
 n - a potion of heal wounds {unknown}
 q - 3 potions of curing {unknown}
 r - 2 potions of poison {unknown}
 s - a potion of haste {unknown}
 t - a potion of invisibility {unknown}
 B - 2 potions of might {unknown}
 R - a potion of degeneration {unknown}
Books
 c - a book of Geomancy

   Spells                             Type                      Level
   a - Sandblast                      Earth                        1
   b - Stoneskin                      Transmutation/Earth          2
   c - Passwall                       Transmutation/Earth          3
   d - Stone Arrow                    Conjuration/Earth            3
   e - Petrify                        Transmutation/Earth          4
   f - Lee's Rapid Deconstruction     Earth                        5
 f - a book of Annihilations

   Spells                             Type                      Level
   a - Poison Arrow                   Conjuration/Poison           6
   b - Chain Lightning                Conjuration/Air              8
   c - Lehudib's Crystal Spear        Conjuration/Earth            8
   d - Glaciate                       Conjuration/Ice              9
   e - Fire Storm                     Conjuration/Fire             9
 y - a book of Callings

   Spells                             Type                      Level
   a - Summon Small Mammal            Summoning                    1
   b - Call Imp                       Summoning                    2
   c - Call Canine Familiar           Summoning                    3
   d - Summon Guardian Golem          Hexes/Summoning              3
   e - Summon Lightning Spire         Summoning/Air                4
   f - Summon Ice Beast               Ice/Summoning                4
Comestibles
 d - 3 bread rations
 g - 3 slices of pizza
 z - 2 meat rations
 O - 10 chunks of flesh
 Q - a royal jelly


   Skills:
 - Level 0.2 Fighting
 - Level 2.1 Dodging
 - Level 2.9 Stealth
 + Level 5.1 Spellcasting
 + Level 5.9 Conjurations
 * Level 5.3 Summonings
   Level 0.7 Transmutations
 + Level 7.6 Earth Magic


You had one spell level left.
You knew the following spells:

 Your Spells              Type           Power        Failure   Level  Hunger
a - Sandblast             Erth           ####..       1%          1    None
b - Stone Arrow           Conj/Erth      ####..       1%          3    ##.....
c - Call Imp              Summ           ####....     1%          2    #......
d - Call Canine Familiar  Summ           ####....     4%          3    ##.....
e - Summon Guardian Gole  Hex/Summ       ###.....     14%         3    ##.....
f - Lee's Rapid Deconstr  Erth           ####......   17%         5    ######.


Dungeon Overview and Level Annotations

Branches:
Dungeon (7/15)             Temple (1/1) D:6

Altars:
Ashenzari
Cheibriados
Dithmenos
Elyvilon
Fedhas
Gozag
Kikubaaqudgha
Makhleb
Nemelex Xobeh
Okawaru
Qazlal
Ru
Sif Muna
Trog
Vehumet
Xom
Yredelemnul
Zin
The Shining One

Annotations:
D:7 Joseph


Innate Abilities, Weirdness & Mutations

You are resistant to torment.
Your stone body is resilient (AC +5).
You are immune to poison.
You resist negative energy.
You are resistant to electric shocks.
You can survive without breathing.
You are immune to petrification.
You are immune to rotting.


Message History

a trident of protection; a chain mail Joseph shoots a poisoned sling bullet.
The poisoned sling bullet hits you.
* * * LOW HITPOINT WARNING * * *
You see here a poisoned sling bullet.
Joseph shoots a poisoned sling bullet.
The poisoned sling bullet hits you.
* * * LOW HITPOINT WARNING * * *
Items here: ( )) [ a poisoned sling bullet; a mace; a leather armour; a falchion
Okay, then.
Drink which item? (? for menu, Esc to quit)
Okay, then.
You fail to use your ability.
You fail to use your ability.
A hound skeleton comes into view.
The orc priest closely misses you.
You feel strangely unstable.
You are feeling very hungry.
The orc priest mumbles some strange prayers to Beogh against you.
Pain shoots through your body!
You die...

#..<.....# #.######.# #.#
... #.# ### ..# #.# ..#
..# ###.# #.# ..# #...#
#.# ..# #.### ####(###..#
#.# #.@.ooZ#..###.. #.#
#######.##o#.(......# #.#
#......@.#)###o.##### #.#
#>#####).#(###oo# #.#
##.## #..(...#....
#.#####...####.##.#.##.#.#
#............#.##.#>#
@.... #######...##.#.##.#
# ##.### ##.## #.##.#


o You could see Joseph, an orc warrior, an orc priest, an orc and a hound
skeleton (wandering).

Vanquished Creatures
  Sigmund (D:5)
  A hippogriff (D:7)
  2 sky beasts
  An ogre (D:6)
  2 phantoms
  2 black bears (D:6)
  2 orc warriors
  The ghost of M4edhros the Charlatan, an amateur OpAr (D:5)
  2 scorpions
  A jelly (D:5)
  3 orc wizards
  An orc priest (D:7)
  A hound (D:6)
  5 worker ants
  An iguana (D:5)
  Robin (D:3)
  5 adders
  3 gnolls (D:3)
  2 oozes (D:2)
  2 adder skeletons
  2 worms (D:2)
  5 giant geckos
  20 orcs
  7 bats
  17 goblins
  6 hobgoblins
  7 kobolds
  3 ball pythons
  7 giant cockroaches
  18 jackals
  2 quokkas
  A quokka skeleton (D:4)
  10 rats
144 creatures vanquished.

Vanquished Creatures (collateral kills)
  A worker ant (D:5)
  A hound zombie (D:5)
  A giant cockroach (D:3)
  A hobgoblin (D:3)
4 creatures vanquished.

Grand Total: 148 creatures vanquished

Notes
Turn   | Place    | Note
--------------------------------------------------------------
     0 | D:1      | lucasterio the Gargoyle Earth Elementalist began the quest for the Orb.
     0 | D:1      | Reached XP level 1. HP: 10/10 MP: 3/3
   253 | D:1      | Reached XP level 2. HP: 15/15 MP: 5/5
   690 | D:2      | Reached skill level 4 in Earth Magic
   761 | D:2      | You fall through a shaft for 2 floors!
   794 | D:3      | Reached XP level 3. HP: 19/19 MP: 3/6
  1250 | D:2      | Found a deep blue altar of Sif Muna.
  1251 | D:2      | Found a glowing golden altar of the Shining One.
  1282 | D:2      | Found a radiant altar of Vehumet.
  1843 | D:2      | Reached XP level 4. HP: 24/24 MP: 5/7
  1851 | D:2      | Learned a level 3 spell: Stone Arrow
  1854 | D:2      | Learned a level 2 spell: Call Imp
  2303 | D:3      | Reached skill level 1 in Conjurations
  2303 | D:3      | Reached XP level 5. HP: 28/28 MP: 6/9
  2316 | D:3      | Reached skill level 1 in Summonings
  2520 | D:3      | Noticed Robin
  2579 | D:3      | Reached skill level 5 in Earth Magic
  3119 | D:3      | Reached XP level 6. HP: 14/32 MP: 3/10
  3124 | D:3      | Learned a level 3 spell: Call Canine Familiar
  3358 | D:3      | Found a bloodstained altar of Trog.
  3358 | D:3      | Found an iron altar of Okawaru.
  3542 | D:3      | Killed Robin
  4238 | D:4      | Noticed a scorpion
  4244 | D:4      | Killed a scorpion
  4706 | D:4      | Noticed a phantom
  4753 | D:4      | Killed a phantom
  4753 | D:4      | Reached XP level 7. HP: 28/36 MP: 2/12
  4820 | D:5      | Entered Level 5 of the Dungeon
  4833 | D:5      | Noticed Sigmund
  5211 | D:5      | Noticed M4edhros's ghost (amateur OpAr)
  5214 | D:5      | Killed M4edhros's ghost
  5214 | D:5      | Reached skill level 6 in Earth Magic
  5454 | D:5      | Found a shattered altar of Ashenzari.
  5461 | D:5      | Reached XP level 8. HP: 38/41 MP: 2/14
  5523 | D:5      | Killed Sigmund
  5757 | D:5      | Found a sacrificial altar of Ru.
  5806 | D:5      | Reached skill level 5 in Conjurations
  6145 | D:6      | Reached skill level 7 in Earth Magic
  6754 | D:6      | Found a staircase to the Ecumenical Temple.
  6766 | Temple   | Entered the Ecumenical Temple
  7151 | D:2      | Became a worshipper of Sif Muna the Loreminder
  7475 | D:7      | Reached skill level 5 in Spellcasting
  7475 | D:7      | Reached skill level 5 in Summonings
  7475 | D:7      | Reached XP level 9. HP: 37/45 MP: 3/16
  7529 | D:7      | Learned a level 3 spell: Summon Guardian Golem
  7535 | D:7      | Learned a level 5 spell: Lee's Rapid Deconstruction
  7657 | D:7      | Noticed Joseph
  7682 | D:7      | HP: 2/45 [Joseph/poisoned sling bullet (3)]
  7689 | D:7      | Killed from afar by an orc priest

Action                   |  1- 3 |  4- 6 |  7- 9 || total
-------------------------+-------+-------+-------++-------
Melee: Dagger            |    97 |   215 |    99 ||   411
 Cast: Sandblast         |    49 |    85 |    24 ||   158
       Stone Arrow       |       |     9 |    54 ||    63
       Call Imp          |       |     1 |     3 ||     4
       Call Canine Famil |       |       |     2 ||     2
 Abil: Evoke Teleportati |       |       |     1 ||     1
  Use: Scroll            |       |     4 |       ||     4
 Stab: Sleeping          |     3 |     6 |       ||     9
  Eat: Chunk             |     4 |     7 |     9 ||    20
       Beef jerky        |       |     1 |       ||     1
       Meat ration       |       |       |     1 ||     1
